 Dungeon Crawl Stone Soup version 0.25-a0-265-g7af84ae0ac (webtiles) character file.

Game seed: 3126165341202406933, levelgen mode: deterministic

96656 D1HalberdGnoll the Warrior (level 15, 0/141 HPs)
             Began as a Black Draconian Fire Elementalist on Dec 7, 2019.
             Was an Elder of Sif Muna.
             Slain by an ice devil (18 damage)
             ... summoned by an orc sorcerer
             ... led by an orc warlord
             ... on level 2 of the Orcish Mines on Dec 8, 2019.
             The game lasted 01:27:36 (35752 turns).

D1HalberdGnoll the Warrior (DrFE)                  Turns: 35752, Time: 01:27:36

Health: 0/141      AC: 11    Str: 11    XL:     15   Next: 69%
Magic:  28/38      EV: 16    Int: 26    God:    Sif Muna [****..]
Gold:   1478       SH:  7    Dex: 11    Spells: 14/34 levels left

rFire    . . .     SeeInvis .   I - staff of energy
rCold    . . .     Gourm    .   S - +1 buckler {reflect}
rNeg     . . .     Faith    .   (armour unavailable)
rPois    .         Spirit   .   (helmet restricted)
rElec    +         Reflect  +   H - +0 cloak
rCorr    .         Harm     .   M - +0 pair of gloves
MR       +....                  (no boots)
Stlth    ++........             f - amulet of magic regeneration
HPRegen  0.33/turn              B - ring of magical power
MPRegen  0.51/turn              y - +4 ring of intelligence

@: flying, very slightly contaminated, slowed, very slow
A: breathe lightning, unfitting armour, big wings, electricity resistance,
cold-blooded, AC +9
a: Breathe Lightning, Stop Flying, Channel Magic, Forget Spell, Divine Exegesis,
Renounce Religion


You were on level 2 of the Orcish Mines.
You worshipped Sif Muna.
Sif Muna was greatly pleased with you.
You were not hungry.

You visited 4 branches of the dungeon, and saw 24 of its levels.
You visited 1 bazaar.

You collected 2688 gold pieces.
You spent 1210 gold pieces at shops.

Inventory:

Hand Weapons
 o - a +1 short sword of flaming
Missiles
 z - 4 curare-tipped darts (quivered)
Armour
 H - a +0 cloak (worn)
 M - a +0 pair of gloves (worn)
 S - a +1 buckler of reflection (worn)
Magical Staves
 I - an uncursed staff of energy (weapon)
Jewellery
 c - an uncursed ring of resist corrosion
 f - an amulet of magic regeneration (around neck)
 t - an uncursed ring of protection from fire
 y - a +4 ring of intelligence (right hand)
 B - a ring of magical power (left hand)
Wands
 j - a wand of enslavement (1)
 n - a wand of polymorph (25)
 u - a wand of clouds (6)
 v - a wand of acid (2)
 A - a wand of digging (7)
 E - a wand of iceblast (10)
 G - a wand of disintegration (9)
 J - a wand of random effects (11)
 O - a wand of paralysis (11)
 P - a wand of flame (13)
Scrolls
 e - 13 scrolls of remove curse
 g - 8 scrolls of teleportation
 h - 2 scrolls of identify
 p - 6 scrolls of amnesia
 r - 3 scrolls of magic mapping
 K - a scroll of holy word
 Q - a scroll of fear
 V - a scroll of fog
Potions
 a - 6 potions of brilliance
 d - a potion of magic
 k - 7 potions of lignification
 l - 3 potions of berserk rage
 m - a potion of agility
 q - 2 potions of cancellation
 s - a potion of ambrosia
 w - a potion of invisibility
 x - 2 potions of curing
 C - 3 potions of might
 D - 3 potions of haste
 F - 3 potions of heal wounds
 L - 3 potions of mutation
Comestibles
 b - 29 rations
 i - 5 chunks of flesh


   Skills:
 + Level 15.5 Fighting
 - Level 8.0 Dodging
 - Level 1.7 Stealth
 * Level 8.6 Shields
 - Level 10.0 Spellcasting
 - Level 10.0 Conjurations
 + Level 12.9 Fire Magic
 + Level 4.6 Air Magic
 - Level 10.0 Invocations


You had 14 spell levels left.
You knew the following spells:

 Your Spells              Type           Power        Failure   Level  Hunger
a - Foxfire               Conj/Fire      ####         1%          1    None
b - Conjure Flame         Conj/Fire      ######..     1%          3    None
c - Searing Ray           Conj           ######       1%          2    None
d - Sticky Flame          Conj/Fire      ######..     1%          4    None
e - Fireball              Conj/Fire      ######....   1%          5    None
f - Apportation           Tloc           ##....       4%          1    None
g - Summon Lightning Spi  Summ/Air       ####....     19%         4    None

Your spell library contained the following spells:

 Spells                   Type           Power        Failure   Level  Hunger
 Magic Dart               Conj           ####         1%          1    None
 Dazzling Flash           Conj/Hex       #####.       1%          3    None
 Inner Flame              Hex/Fire       #####...     1%          3    None
 Corpse Rot               Necr/Air       N/A          2%          2    None
 Ignite Poison            Fire/Tmut/Pois #####...     2%          3    None
 Confusing Touch          Hex            ##....       4%          1    None
 Corona                   Hex            ##.....      4%          1    None
 Summon Butterflies       Summ           ##......     4%          1    None
 Bolt of Magma            Conj/Fire/Erth ######....   5%          5    None
 Fulminant Prism          Conj/Hex       #####.....   6%          4    None
 Iskenderun's Mystic Bla  Conj/Tloc      #####...     6%          4    None
 Slow                     Hex            ##......     7%          2    None
 Sublimation of Blood     Necr           ##........   7%          2    None
 Confuse                  Hex            ##......     14%         3    None
 Gell's Gravitas          Tloc           ##........   14%         3    None
 Lesser Beckoning         Tloc           ##........   14%         3    None
 Portal Projectile        Hex/Tloc       ##....       14%         3    None
 Tukima's Dance           Hex            ##......     14%         3    None
 Irradiate                Conj/Tmut      #####.....   16%         5    None
 Iskenderun's Battlesphe  Conj/Chrm      #####...     16%         5    None
 Conjure Ball Lightning   Conj/Air       ######....   34%         6    None
 Cause Fear               Hex            ##........   41%         4    None
 Leda's Liquefaction      Hex/Erth       ##........   41%         4    None
 Petrify                  Tmut/Erth      ##......     41%         4    None
 Silence                  Hex/Air        ####......   45%         5    None
 Orb of Destruction       Conj           ######....   54%         7    None
 Iron Shot                Conj/Erth      #####.....   65%         6    None
 Agony                    Necr           ##......     77%         5    None
 Alistair's Intoxication  Tmut/Pois      ##......     77%         5    None
 Dispel Undead            Necr           ##......     77%         5    None
 Excruciating Wounds      Chrm/Necr      ##........   77%         5    None
 Metabolic Englaciation   Hex/Ice        ##........   77%         5    None
 Yara's Violent Unravell  Hex/Tmut       ##........   77%         5    None
 Deflect Missiles         Chrm/Air       ####......   95%         6    None
 Spellforged Servitor     Conj/Summ      #####.....   99%         7    None
 Eringya's Noxious Bog    Tmut/Pois      ##........   100%        6    None
 Invisibility             Hex            ##......     100%        6    None
 Tornado                  Air            #####.....   100%        9    None


Dungeon Overview and Level Annotations

Branches:
Dungeon (15/15)            Temple (1/1) D:7            Lair (6/6) D:10
 Shoals (0/4) Lair:3       Spider (0/4) Lair:2        Slime (0/5) Lair:5
    Orc (2/2) D:10            Elf (0/3) Orc:2        Vaults (0/5) D:13
 Depths (0/5) D:15

Altars:
Ashenzari
Cheibriados
Dithmenos
Elyvilon
Fedhas
Gozag
Hepliaklqana
Kikubaaqudgha
Makhleb
Nemelex Xobeh
Okawaru
Qazlal
Ru
Sif Muna
Trog
Uskayaw
Vehumet
Wu Jian
Xom
Yredelemnul
Zin
The Shining One
Jiyva

Shops:
D:11 (?(%:   Orc:1 *

Annotations:
D:1 exclusion: downstairs
D:2 Sigmund
D:13 3 runed translucent doors, Jiusaowa's ghost, novice FoCK
Lair:2 exclusion: 3 oklob plants


Innate Abilities, Weirdness & Mutations

You can breathe wild blasts of lightning.
Your glossy black scales are hard. (AC +9)
You cannot fit into any form of body armour.
Your large and strong wings let you fly indefinitely.
You are resistant to electric shocks. (rElec)
You are cold-blooded and may be slowed by cold attacks.


Message History

The orc wizard gestures wildly while chanting.
The orc wizard blinks!
The orc warrior hits you from afar with a +0 glaive!
The orc sorcerer hits you with a +0 dagger!
The orc warrior hits you from afar with a cursed -3 trident!
The ice devil hits you. The ice devil freezes you!!
The orc sorcerer hits you but does no damage.
The orc warrior hits you from afar with a +0 glaive!
* * * LOW HITPOINT WARNING * * *
The orc warrior hits you but does no damage.
The ice devil barely misses you.
You can move again.
The orc sorcerer hits you with a +0 dagger.
* * * LOW HITPOINT WARNING * * *
The orc warrior hits you from afar with a +0 glaive.
* * * LOW HITPOINT WARNING * * *
The ice devil hits you!
* * * LOW HITPOINT WARNING * * *
The ice devil freezes you!!
You feel yourself slow down.
You die...

*********#######*##
,*,,,,*#.#.....##.##
,,,,,,,.......<....#
..............[##.##
#................##
..............[o@)##
............).)o4..#*** ***
..............[oo...#,***,**
............[[..§..o...*,,,*
............[[..........*,**
........)([.$....#...#..*,**
.......[.<.[).#.........,,,*
..[÷.....(.(..#........,*,**
..†....[.÷).......##...**,**


You could see an ice devil, an orc sorcerer, 2 orc warriors, an orc priest and
an orc wizard.

Vanquished Creatures
  Agnes (D:15)
  Kirke (D:13)
  An orc warlord (Orc:2)
  A stone giant (D:14)
  Snorg (D:12)
  A fire dragon (D:15)
  An ettin (D:14)
  Josephine (D:11)
  4 vault guards (D:13)
  Harold (D:7)
  Fannar (D:12)
  9 hydras
  3 centaur warriors
  3 ice dragons
  4 two-headed ogres
  A death knight (D:13)
  4 tengu warriors
  9 death yaks
  4 orc high priests
  2 unseen horrors (D:14)
  A wizard (D:14)
  A phantasmal warrior (D:14)
  2 wolf spider zombies
  An oklob plant (Orc:1)
  3 orc sorcerers
  3 manticores
  8 ugly things (D:14)
  A cyclops (D:14)
  A deep elf mage (D:15)
  A wolf spider (Lair:6)
  6 elephants (Lair:3)
  Maurice (D:10)
  Joseph (D:7)
  4 black mambas
  3 centaur zombies
  Psyche (D:12)
  An ice statue (Lair:5)
  7 spiny frogs
  A torpor snail (Lair:6)
  An efreet (D:15)
  5 komodo dragons
  2 meliai (D:13)
  A merfolk (Orc:2)
  4 trolls
  2 jumping spiders (Lair:2)
  Prince Ribbit (D:5)
  3 hornets
  25 blink frogs
  4 dream sheep (Lair:4)
  4 slime creatures (D:12)
  12 polar bears
  7 hippogriffs
  A raiju (Lair:6)
  4 wraiths
  A redback (Lair:2)
  A basilisk (Lair:5)
  3 water elementals (D:15)
  A vampire (D:13)
  A wyvern (Lair:3)
  5 hogs (D:13)
  51 yaks
  3 hungry ghosts
  2 vampire mosquitoes (D:15)
  15 wargs
  A soldier ant (D:13)
  9 water moccasins
  9 porcupines
  14 hell hounds (Lair:6)
  15 black bears
  3 sky beasts
  3 phantoms
  8 ice beasts (Lair:5)
  A hornet zombie (D:12)
  13 orc warriors
  3 ogres
  An eye of draining (D:12)
  2 necrophages
  26 wolves
  15 crocodiles
  20 centaurs
  14 bullfrogs
  A water moccasin zombie (D:8)
  3 scorpions
  A wyvern skeleton (D:11)
  3 howler monkeys
  An electric eel (D:15)
  5 crimson imps
  A bullfrog zombie (D:12)
  9 hounds
  2 jellies
  17 orc wizards
  12 orc priests
  2 centaur skeletons
  Jessica (D:2)
  3 iguanas
  7 worker ants
  A hound zombie (D:8)
  3 hound skeletons
  A worker ant zombie (D:8)
  12 adders
  4 shadow imps
  3 white imps (Lair:5)
  2 oozes
  2 adder skeletons (D:4)
  An adder zombie (D:8)
  A worm (D:5)
  8 leopard geckos
  67 orcs
  7 bats
  4 giant cockroaches
  3 goblins (D:1)
  5 hobgoblins
  4 jackals
  2 kobolds
  2 quokkas
  4 frilled lizards
  4 rats
  A fungus (Lair:5)
  A plant (Lair:5)
626 creatures vanquished.

Vanquished Creatures (collateral kills)
  Erolcha (D:9)
  A troll (D:9)
  2 wargs (Orc:2)
  A porcupine (D:10)
  6 orc priests
  An orc wizard (Orc:2)
  An orc (Orc:1)
13 creatures vanquished.

Vanquished Creatures (others)
  A centaur warrior (D:14)
  3 ball lightnings (Orc:2)
  A centaur skeleton (D:13)
  2 humans (D:13)
  A centaur (D:13)
  A jelly (D:14)
  An electric eel (D:15)
  2 jackals (D:4)
  647 foxfires
  10 fungi
  31 plants
700 creatures vanquished.

Grand Total: 1339 creatures vanquished

Notes
Turn   | Place    | Note
-------+----------+-------------------------------------------
     0 | D:1      | D1HalberdGnoll the Draconian Fire Elementalist began the
                  | quest for the Orb.
     0 | D:1      | Reached XP level 1. HP: 14/14 MP: 3/3
   170 | D:1      | Reached XP level 2. HP: 18/22 MP: 1/5
   814 | D:2      | Noticed Jessica
   836 | D:2      | Reached skill level 1 in Fighting
   848 | D:2      | Killed Jessica
   848 | D:2      | Reached XP level 3. HP: 10/28 MP: 0/6
  1060 | D:2      | Learned a level 3 spell: Conjure Flame
  1210 | D:2      | Noticed Sigmund
  1640 | D:3      | Reached XP level 4. HP: 35/35 MP: 5/7
  1877 | D:3      | Reached skill level 2 in Fighting
  1901 | D:3      | Reached XP level 5. HP: 6/41 MP: 3/9
  2609 | D:3      | You fall into a shaft and drop 2 floors!
  2609 | D:5      | Entered Level 5 of the Dungeon
  2917 | D:4      | Reached skill level 1 in Shields
  3000 | D:4      | Reached XP level 6. HP: 50/50 MP: 8/10
  3138 | D:4      | Learned a level 2 spell: Searing Ray
  3219 | D:4      | Reached skill level 5 in Fire Magic
  3334 | D:4      | Found a white marble altar of Elyvilon.
  3489 | D:4      | Reached skill level 3 in Fighting
  3959 | D:5      | Your scales start taking on a glossy black colour.
  3959 | D:5      | Reached XP level 7. HP: 35/57 MP: 7/11
  3959 | D:5      | Gained mutation: You are resistant to electric shocks.
                  | (rElec) [Black Draconian growth]
  3970 | D:5      | Noticed Prince Ribbit
  4078 | D:5      | Killed Prince Ribbit
  5233 | D:6      | Reached skill level 4 in Fighting
  5246 | D:6      | Reached XP level 8. HP: 49/66 MP: 11/13
  5622 | D:6      | Learned a level 4 spell: Sticky Flame
  5695 | D:7      | Noticed Joseph
  5952 | D:7      | Killed Joseph
  5952 | D:7      | Reached skill level 5 in Fighting
  6467 | D:7      | Reached skill level 5 in Conjurations
  6490 | D:7      | Reached skill level 5 in Spellcasting
  6538 | D:7      | Found a staircase to the Ecumenical Temple.
  6641 | D:7      | Noticed Harold
  6658 | Temple   | Entered the Ecumenical Temple
  6731 | Temple   | Became a worshipper of Sif Muna the Loreminder
  6894 | D:7      | Killed Harold
  6894 | D:7      | Reached skill level 6 in Fighting
  6894 | D:7      | Reached XP level 9. HP: 36/75 MP: 10/17
  7235 | D:7      | Found a blossoming altar of Fedhas.
  7463 | D:8      | Paralysed by a hornet for 1 turns
  7564 | D:8      | Reached skill level 7 in Fighting
  7714 | D:8      | Noticed a two-headed ogre
  7843 | D:8      | Killed a two-headed ogre
  7843 | D:8      | Reached XP level 10. HP: 18/86 MP: 16/19
  8682 | D:9      | Noticed Erolcha
  8692 | D:9      | Killed Erolcha
  9014 | D:9      | Killed a troll
  9335 | D:9      | Learned a level 5 spell: Fireball
  9381 | D:10     | Entered Level 10 of the Dungeon
  9443 | D:10     | Found a staircase to the Orcish Mines.
  9467 | D:10     | Reached skill level 8 in Fighting
  9474 | D:10     | Reached * piety under Sif Muna
  9505 | D:10     | HP: 4/88 [centaur/arrow (7)]
  9668 | D:10     | Noticed a two-headed ogre
  9674 | D:10     | Killed a two-headed ogre
  9834 | D:10     | Noticed Maurice
  9846 | D:10     | Killed Maurice
 10175 | D:10     | Found a staircase to the Lair.
 10277 | D:10     | Reached XP level 11. HP: 82/95 MP: 22/22
 10663 | Lair:1   | Entered Level 1 of the Lair of Beasts
 11199 | D:10     | Reached skill level 10 in Fire Magic
 11473 | Lair:1   | Reached skill level 9 in Fighting
 11734 | Lair:1   | Noticed a four-headed hydra
 12048 | Lair:1   | Killed a four-headed hydra
 14047 | Lair:2   | Noticed an oklob plant
 14081 | Lair:2   | Noticed a four-headed hydra
 14102 | Lair:2   | Killed a four-headed hydra
 14122 | Lair:2   | Reached ** piety under Sif Muna
 14484 | Lair:2   | Found a hole to the Spider Nest.
 14705 | Lair:2   | Noticed a seven-headed hydra
 14713 | Lair:2   | Killed a seven-headed hydra
 14793 | Lair:2   | Reached XP level 12. HP: 101/106 MP: 18/24
 15502 | Lair:3   | Reached skill level 10 in Fighting
 15695 | Lair:3   | Noticed a death yak
 15696 | Lair:3   | Noticed a death yak
 15697 | Lair:3   | Noticed a death yak
 15697 | Lair:3   | Noticed a death yak
 15749 | Lair:2   | Killed a death yak
 16550 | Lair:3   | Killed a death yak
 16565 | Lair:3   | Killed a death yak
 16576 | Lair:3   | Killed a death yak
 16576 | Lair:3   | Reached skill level 10 in Conjurations
 16836 | Lair:3   | Noticed an eight-headed hydra
 16849 | Lair:3   | Killed an eight-headed hydra
 16946 | Lair:3   | Reached skill level 11 in Fighting
 17303 | Lair:3   | Found a staircase to the Shoals.
 17690 | Lair:3   | Reached skill level 10 in Spellcasting
 18018 | Lair:4   | Reached *** piety under Sif Muna
 18458 | Lair:4   | You fall into a shaft and drop 2 floors!
 18458 | Lair:6   | Entered Level 6 of the Lair of Beasts
 18465 | Lair:6   | Noticed a four-headed hydra
 18694 | Lair:4   | Reached skill level 12 in Fighting
 18704 | Lair:4   | Reached XP level 13. HP: 83/118 MP: 9/27
 19501 | Lair:5   | Reached skill level 1 in Invocations
 20088 | Lair:5   | Reached **** piety under Sif Muna
 20250 | Lair:5   | Reached skill level 13 in Fighting
 20337 | Lair:5   | Learned a level 1 spell: Apportation
 20429 | Lair:5   | Found a viscous altar of Jiyva.
 20429 | Lair:5   | Found a staircase to the Slime Pits.
 20808 | Lair:6   | Reached skill level 5 in Invocations
 22740 | Lair:6   | Reached skill level 5 in Dodging
 23009 | Lair:6   | Gained mutation: Your large and strong wings let you fly
                  | indefinitely. [Black Draconian growth]
 23009 | Lair:6   | Reached XP level 14. HP: 130/130 MP: 26/28
 23980 | D:11     | Found Zaoxkyod's Weapon Shop.
 24139 | D:11     | Found Juwintiol's Food Boutique.
 24450 | D:11     | Found Cyfomnui's Book Boutique.
 24460 | D:11     | Found Hisuiqin's Antique Weapon Shop.
 24471 | D:11     | Reached ***** piety under Sif Muna
 24532 | D:11     | Received a gift from Sif Muna
 24532 | D:11     | Noticed Josephine
 24547 | D:11     | Killed Josephine
 25004 | D:11     | Found Buidol's Magic Scroll Shop.
 25117 | D:11     | Reached skill level 14 in Fighting
 25237 | D:12     | Noticed Snorg
 25254 | D:12     | Killed Snorg
 25426 | D:12     | Found a radiant altar of Vehumet.
 25489 | D:12     | Noticed Psyche
 25498 | D:12     | Killed Psyche
 25556 | D:12     | Reached skill level 10 in Invocations
 25962 | D:12     | Found an ornate altar of the Wu Jian Council.
 26255 | D:12     | Noticed Fannar
 26273 | D:12     | Killed Fannar
 26879 | D:13     | Found a gate to the Vaults.
 27160 | D:13     | Noticed Kirke
 27167 | D:13     | Noticed a sphinx
 27182 | D:13     | Killed Kirke
 27857 | D:13     | Noticed Jiusaowa's ghost (novice FoCK)
 27859 | D:13     | Found a runed translucent gate.
 27860 | D:13     | Found a runed translucent gate.
 27860 | D:13     | Found a runed translucent gate.
 27938 | D:13     | Reached skill level 5 in Shields
 28775 | D:14     | Reached skill level 15 in Fighting
 28775 | D:14     | Reached XP level 15. HP: 116/141 MP: 18/29
 29306 | D:14     | Found a runed translucent door.
 29329 | D:14     | Upgraded the game from 0.25-a0-263-g9d16a9d099 to
                  | 0.25-a0-265-g7af84ae0ac
 30029 | D:14     | Learned a level 4 spell: Summon Lightning Spire
 30545 | D:14     | Reached skill level 1 in Air Magic
 31127 | D:15     | Entered Level 15 of the Dungeon
 31135 | D:15     | Noticed Agnes
 31140 | D:15     | Killed Agnes
 31947 | D:15     | Identified the ring of Varakhle {Ice rPois Str-5 Int+2
                  | Stlth+}
 32970 | D:15     | Found a staircase to the Depths.
 33522 | D:15     | Found a staircase to the Depths.
 33696 | Orc:1    | Entered Level 1 of the Orcish Mines
 33785 | Orc:1    | Found Nixkat's General Store.
 33876 | Orc:1    | Paralysed by an orc sorcerer for 7 turns
 33948 | Orc:1    | Received a gift from Sif Muna
 34374 | Orc:2    | Entered Level 2 of the Orcish Mines
 34377 | Orc:2    | Found a staircase to the Elven Halls.
 34380 | Orc:2    | Found a flickering gateway to a bazaar.
 34395 | Bazaar   | Entered a bazaar
 34399 | Bazaar   | Found Nenaamawn's Antique Weapon Boutique.
 34417 | Bazaar   | Found Neurel's Armour Emporium.
 34434 | Bazaar   | Found Byirunn's Book Boutique.
 34451 | Bazaar   | Found Etexzin's Magic Scroll Shoppe.
 34456 | Bazaar   | Bought a scroll of teleportation for 33 gold pieces
 34456 | Bazaar   | Bought a scroll of teleportation for 33 gold pieces
 34456 | Bazaar   | Bought a scroll of acquirement for 572 gold pieces
 34456 | Bazaar   | Bought a scroll of acquirement for 572 gold pieces
 34677 | Orc:2    | Noticed Nessos
 35093 | Orc:2    | Noticed Nessos
 35093 | Orc:2    | Nessos changed into Nessos the merfolk
 35098 | Orc:2    | Killed Nessos the merfolk
 35122 | Orc:2    | Noticed an orc warlord
 35469 | Orc:2    | Killed an orc warlord
 35747 | Orc:2    | Paralysed by an orc sorcerer for 5 turns
 35752 | Orc:2    | Slain by an ice devil

Levels and vault maps discovered:
D:1:      wander_arrival_chamber, layout_basic, minmay_pentomino_v2
D:2:      layout_basic, uniq_sigmund, uniq_jessica
D:3:      layout_basic
D:4:      layout_gridville, elyvilon_altar_4, first_ration
D:5:      layout_basic, minivault_26, uniq_prince_ribbit1
D:6:      layout_basic
D:7:      layout_rooms, minmay_temple_entry_grid, lemuel_centaur_altar,
          uniq_harold, uniq_joseph
D:8:      layout_cave_pools
D:9:      layout_cave_pools, uniq_erolcha
D:10:     layout_long_grid, due_lair_maze_entry_diamond, orc_0_dummy,
          grunt_pizzeria, minmay_strange_pillars, minivault_10, uniq_maurice
D:11:     layout_roguey, serial_shops, shop, shop, nicolae_shop_behind_doors,
          nicolae_shop_crystal, shop, uniq_josephine
D:12:     layout_stronghold, basic_altar, lemuel_tele_altar, uniq_psyche,
          uniq_fannar, uniq_snorg
D:13:     layout_roguey, lightli_vaults_fourway_checkpoint,
          ebering_ghost_rock_garden, uniq_kirke
D:14:     layout_cave_pods, kennysheep_another_room, minivault_13
D:15:     grunt_enter_depths_hoard, layout_basic, wad_floor_pattern_2,
          nrook_mini_backslash, minivault_26, uniq_agnes
Temple:   grunt_wide_crystal_templ
Lair:1:   layout_loops_ring, chequers_serial_rivers_small_b,
          serial_bayou_shore_b
Lair:2:   layout_chaotic_city, spider_nest_entry_funnel_web,
          minmay_lair_oklob_chamber, infiniplex_staircase_pool,
          lemuel_fruit_tree
Lair:3:   layout_loops_ring, minmay_shoals_entry_centaurs
Lair:4:   layout_hall_layers, hangedman_lair_unloving_vines
Lair:5:   layout_loops_ring, dpeg_slime_entry_enclosed_altar,
          gauntlet_entry_generic, chequers_serial_rivers_large_a, ice2_lemuel
Lair:6:   hangedman_lair_caniforms_friends, layout_cave_pods, grunt_megastairs_5
Orc:1:    layout_caves, serial_shops,
          nicolae_shop_temple_entry_statues_fountains, mines3_lemuel
Orc:2:    st_orc_town, layout_caves, serial_shops, bzr_entry_dummy,
          nicolae_orc_crystal_geode, uniq_nessos

Skill      XL: |  1  2  3  4  5  6  7  8  9 10 11 12 13 14 15 |
---------------+----------------------------------------------+-----
Fighting       | 1 2 3 4 6 7 8 9 12 13 15 | 15.5
Conjurations   | 2 3 5 6 7 9 10 | 10.0
Fire Magic     | 4 5 7 8 9 11 12 | 12.9
Shields        | 1 2 4 5 8 |  8.6
Spellcasting   | 3 5 6 7 8 10 | 10.0
Invocations    | 8 10 | 10.0
Dodging        | 5 7 8 |  8.0
Air Magic      | 4 |  4.6
Stealth        | |  1.7

Action                   |  1- 3 |  4- 6 |  7- 9 | 10-12 | 13-15 || total
-------------------------+-------+-------+-------+-------+-------++-------
Melee: Unarmed           |    11 |       |       |     8 |       ||    19
       Tailslap          |     4 |     5 |    14 |    16 |    12 ||    51
       Short sword       |    18 |    80 |   142 |    81 |       ||   321
       Dagger            |    11 |       |       |       |       ||    11
       Staff             |       |       |       |    23 |    98 ||   121
Throw: Dart              |       |       |     1 |       |       ||     1
 Cast: Foxfire           |    34 |    76 |   124 |    91 |    64 ||   389
       Conjure Flame     |     2 |     4 |     2 |    21 |    39 ||    68
       Searing Ray       |       |     1 |     8 |    44 |   146 ||   199
       Sticky Flame      |       |       |    14 |    66 |    81 ||   161
       Fireball          |       |       |       |    58 |   263 ||   321
       Summon Lightning  |       |       |       |       |    13 ||    13
       Conjure Ball Ligh |       |       |       |       |     1 ||     1
Invok: Channel Magic     |       |       |       |     1 |     8 ||     9
       Divine Exegesis   |       |       |       |       |     1 ||     1
 Abil: Breathe Lightning |       |       |     7 |     8 |    25 ||    40
       Fly               |       |       |       |       |     1 ||     1
Evoke: Wand              |       |       |     3 |     7 |    18 ||    28
       Box of beasts     |       |       |       |     3 |     1 ||     4
  Use: Potion            |     2 |       |       |     4 |     3 ||     9
       Scroll            |       |    18 |       |    12 |    21 ||    51
 Stab: Distracted        |       |       |     1 |       |       ||     1
       Sleeping          |       |       |       |     1 |       ||     1
  Eat: Chunk             |     2 |     8 |     9 |    15 |    35 ||    69
       Ration            |       |       |     2 |     7 |     7 ||    16
Armor: Skin              |    15 |    38 |    41 |    98 |   162 ||   354
Dodge: Dodged            |    69 |    85 |   165 |   178 |   350 ||   847
Block: Buckler           |       |    21 |    79 |   107 |   182 ||   389
       Reflection        |       |       |       |       |     5 ||     5

Table legend:
 A = Non-vault XP
 B = Vault XP
 C = Vault XP percentage of total XP
 D = Non-vault monster count
 E = Vault monster count
 F = Vault count percentage of total count
                 A         B        C        D         E       F
            +---------+---------+-------+---------+---------+-------
      Total |   90700 |   47381 |  34.3 |     476 |     163 |  25.5
            +---------+---------+-------+---------+---------+-------
        D:1 |      18 |       4 |  18.2 |       7 |       2 |  22.2
        D:2 |      36 |      37 |  50.7 |      10 |       1 |   9.1
        D:3 |     183 |       0 |   0.0 |      30 |       0 |   0.0
        D:4 |     395 |       0 |   0.0 |      24 |       0 |   0.0
        D:5 |     314 |     291 |  48.1 |      14 |       1 |   6.7
        D:6 |     527 |       0 |   0.0 |      16 |       0 |   0.0
        D:7 |     514 |    1472 |  74.1 |      13 |       2 |  13.3
        D:8 |    2137 |       0 |   0.0 |      19 |       0 |   0.0
        D:9 |     947 |     699 |  42.5 |      18 |       1 |   5.3
       D:10 |    2832 |    1732 |  37.9 |      19 |      12 |  38.7
       D:11 |    4776 |    1703 |  26.3 |      28 |       4 |  12.5
       D:12 |    6546 |    2547 |  28.0 |      31 |       3 |   8.8
       D:13 |    3913 |    8591 |  68.7 |      22 |      18 |  45.0
       D:14 |   10902 |    5820 |  34.8 |      30 |       6 |  16.7
       D:15 |    9772 |    4062 |  29.4 |      27 |       3 |  10.0
     Lair:1 |    4495 |       0 |   0.0 |      20 |       0 |   0.0
     Lair:2 |    5164 |    1046 |  16.8 |      12 |       5 |  29.4
     Lair:3 |   11712 |     453 |   3.7 |      37 |       4 |   9.8
     Lair:4 |    4820 |       0 |   0.0 |      20 |       0 |   0.0
     Lair:5 |    5755 |    2995 |  34.2 |      25 |      15 |  37.5
     Lair:6 |    9246 |   10951 |  54.2 |      22 |      58 |  72.5
      Orc:1 |    2838 |     762 |  21.2 |      21 |       2 |   8.7
      Orc:2 |    2858 |    4216 |  59.6 |      11 |      26 |  70.3
            +---------+---------+-------+---------+---------+-------
